 Dungeon Crawl Stone Soup version 0.29-a0-22-gbf593b16ee (webtiles) character file.

Game seed: 11431348427675032628

14 fragbeetle the Magician (level 2, 0/20 HPs)
             Began as a Gnoll Hedge Wizard on Jan 29, 2022.
             Slain by an orc (2 damage)
             ... on level 3 of the Dungeon.
             The game lasted 00:01:41 (1084 turns).

fragbeetle the Magician (Gnoll Hedge Wizard)        Turns: 1084, Time: 00:01:42

Health: 0/20       AC:  2    Str:  9    XL:     2   Next: 45%
Magic:  7/10       EV: 13    Int: 13    God:
Gold:   11         SH:  0    Dex: 11    Spells: 12/15 levels left

rFire   + . .      SeeInvis .   d - +0 short sword
rCold   . . .      Faith    .   (no shield)
rNeg    . . .      Spirit   .   b - +0 robe
rPois   .          Reflect  .   c - +0 hat
rElec   .          Harm     .   (no cloak)
rCorr   .          Rampage  .   (no gloves)
Will    .....                   (no boots)
Stlth   ++........              (no amulet)
HPRegen 0.06/turn               h - ring of protection from fire
MPRegen 0.12/turn               (no ring)

@: no status effects
A: fangs 1, strong nose, distributed training
a: no special abilities


You were on level 3 of the Dungeon.
You visited 1 branch of the dungeon, and saw 3 of its levels.

You collected 11 gold pieces.

Inventory:

Hand Weapons
 d - a +0 short sword (weapon)
Armour
 b - a +0 robe (worn)
 c - a +0 hat (worn)
Jewellery
 h - a ring of protection from fire (left hand)
Scrolls
 a - 2 scrolls of identify {unknown}
 e - a scroll of enchant armour {unknown}
 g - a scroll of blinking {unknown}
 j - a scroll of brand weapon {unknown}
 k - a scroll of teleportation {unknown}
Potions
 f - a potion of brilliance {unknown}
 i - a potion of flight {unknown}


   Skills:
 + Level 0.4 Fighting
 + Level 0.4 Short Blades
 + Level 0.4 Long Blades
 + Level 0.4 Axes
 + Level 0.4 Maces & Flails
 + Level 0.4 Polearms
 + Level 0.4 Staves
 + Level 0.4 Slings
 + Level 0.4 Bows
 + Level 0.4 Crossbows
 + Level 0.4 Throwing
 + Level 0.4 Armour
 + Level 4.5 Dodging
 + Level 4.1 Stealth
 + Level 0.4 Shields
 + Level 0.4 Unarmed Combat
 + Level 7.1 Spellcasting
 + Level 2.0 Conjurations
 + Level 0.2 Hexes
 + Level 2.0 Summonings
 + Level 0.2 Necromancy
 + Level 2.0 Translocations
 + Level 0.2 Transmutations
 + Level 0.2 Fire Magic
 + Level 0.2 Ice Magic
 + Level 0.2 Air Magic
 + Level 0.2 Earth Magic
 + Level 0.2 Poison Magic
 + Level 0.5 Invocations
 + Level 0.4 Evocations


You had 12 spell levels left.
You knew the following spells:

 Your Spells              Type           Power      Damage    Failure   Level
a - Magic Dart            Conj           36%        1d4       6%          1
b - Call Imp              Summ           9%         N/A       10%         2

Your spell library contained the following spells:

 Spells                   Type           Power      Damage    Failure   Level
 Blink                    Tloc           18%        N/A       10%         2
 Slow                     Hex            20%        N/A       14%         1
 Conjure Flame            Conj/Fire      7%         6-21      28%         3
 Mephitic Cloud           Conj/Pois/Air  6%         N/A       32%         3


Dungeon Overview and Level Annotations

Branches:
Dungeon (3/15)

Altars:

Shops:
D:1 [


Innate Abilities, Weirdness & Mutations

You have very sharp teeth.
Your uncanny sense of smell can sniff out nearby items.
Your experience applies equally to all skills.


Message History

* * * LOW HITPOINT WARNING * * *
You hit the orc but do no damage.
The orc is moderately wounded.
The orc barely misses you.
You are too injured to fight recklessly!
Casting: Magic Dart (safe; 6% risk of failure)
Confirm with . or Enter, or press ? or * to list all spells.
Aiming: Magic Dart (safe; 6% risk of failure)
Press: ? - help, Shift-Dir - straight line, f/p - orc
Aim: an orc, wielding a +0 short sword and wearing a +0 chain mail (moderately wounded, 100% to hit)
The magic dart hits the orc but does no damage.
The orc is moderately wounded.
The orc closely misses you.
Casting: Magic Dart (safe; 6% risk of failure)
Confirm with . or Enter, or press ? or * to list all spells.
A beastly little devil appears in a puff of flame.
The orc completely misses you.
Unknown command.
You hit the orc.
The orc is severely wounded.
The orc misses you.
Your crimson imp hits the orc but does no damage.
You hit the orc but do no damage.
The orc is severely wounded.
The orc barely misses you.
Your crimson imp barely misses the orc.
You barely miss the orc.
The orc is severely wounded.
The orc misses you.
Your crimson imp hits the orc but does no damage.
You barely miss the orc.
The orc is severely wounded.
The orc barely misses you.
Your crimson imp hits the orc but does no damage.
The orc hits you with a +0 short sword.
* * * LOW HITPOINT WARNING * * *
You closely miss the orc. You bite the orc, but do no damage.
The orc is severely wounded.
Your crimson imp hits the orc but does no damage.
The orc hits you with a +0 short sword.
You die...

#..#.....#...#
#.###...###)<####.
#..#..#..#.........
#....#....#.##....
##.#...#.##.# ...
##.........#.. ..
#5.#.....#...## #
#o###...###..#
#.@#.....#..##
##.........##
#[.......##
#####.#### .# #


You could see an orc (ally target) and a friendly crimson imp (summoned).

Vanquished Creatures
  An orc (D:3)
  An endoplasm (D:1)
  3 goblins (D:1)
  A hobgoblin (D:1)
  3 kobolds
  A ball python (D:1)
  A bat (D:1)
  A frilled lizard (D:1)
12 creatures vanquished.

Notes
Turn   | Place    | Note
-------+----------+-------------------------------------------
     0 | D:1      | fragbeetle the Gnoll Hedge Wizard began the quest for the
                  | Orb.
     0 | D:1      | Reached XP level 1. HP: 13/13 MP: 8/8
   238 | D:1      | Found Guvief's Armour Shoppe.
   276 | D:1      | Reached XP level 2. HP: 19/19 MP: 10/10
   353 | D:1      | Learned a level 2 spell: Call Imp
   995 | D:2      | Noticed a phantom
  1084 | D:3      | Slain by an orc

Illustrated notes

Levels and vault maps discovered:
D:1:      minmay_arrival_nine_rooms, layout_rooms, serial_shops, shop,
          chequers_serial_rivers_small_b, amcnicky_mini_rare_corridor_liquid
D:2:      layout_basic, minmay_hedge_maze
D:3:      layout_loops_cross, shapermc_ecumenical_altar_mp_vishouse,
          grunt_ministairs_14, minmay_strange_pillars, st_stairs_8, uniq_robin,
          uniq_jessica

Skill      XL: |  1 |
---------------+----+-----
Conjurations   | 2 |  2.0
Summonings     | 2 |  2.0
Translocations | 2 |  2.0
Fighting       | |  0.4
Short Blades   | |  0.4
Long Blades    | |  0.4
Axes           | |  0.4
Maces & Flails | |  0.4
Polearms       | |  0.4
Staves         | |  0.4
Slings         | |  0.4
Bows           | |  0.4
Crossbows      | |  0.4
Throwing       | |  0.4
Armour         | |  0.4
Dodging        | |  4.5
Stealth        | |  4.1
Shields        | |  0.4
Unarmed Combat | |  0.4
Spellcasting   | |  7.1
Hexes          | |  0.2
Necromancy     | |  0.2
Transmutations | |  0.2
Fire Magic     | |  0.2
Ice Magic      | |  0.2
Air Magic      | |  0.2
Earth Magic    | |  0.2
Poison Magic   | |  0.2
Invocations    | |  0.5
Evocations     | |  0.4

Action                   || total
-------------------------++-------
Melee: Short sword       ||    54
       Bite              ||     2
 Cast: Magic Dart        ||     5
       Call Imp          ||     2
 Stab: Sleeping          ||     3
Armor: Robe              ||     7
Dodge: Dodged            ||    35

Table legend: (Time is in decaauts)
 A = Elapsed time spent in this place.
 B = Non-inter-level travel time spent in this place.
 C = Inter-level travel time spent in this place.
 D = Time resting spent in this place.
 E = Time spent auto-exploring this place.
 F = Levels seen in this place.
 G = Mean time per level.
                   A        B        C        D        E       F      G
               +--------+--------+--------+--------+--------+-----+--------+
         Total |   1089 |   1034 |     55 |      0 |    806 |   3 |  363.0 |
       Dungeon |   1089 |   1034 |     55 |      0 |    806 |   3 |  363.0 |
               +--------+--------+--------+--------+--------+-----+--------+

Top non-repeatable levels by time:
     D:1: 941 daAuts
     D:2: 96 daAuts
     D:3: 51 daAuts
